Map: Sueño eterno EE

Players

MediumAI - Winner!

  • Race: Protoss Protoss
  • Spawn Location: 1:00

MrFercho

  • Race: Zerg Zerg
  • League: Silver
  • Spawn Location: 7:00

VOD

Have the link to the VOD?

Description

Time

  • Played on: July 3, 2020, 12:42 a.m.
  • Length: 9:09
Show
View Real Time Build Order
Export as new Build Order

MediumAI Protoss - Winner!

Build Orders: 1 Gate Expand, Zealot Archon 

Get SALT Encoding   

  12  0:01  Probe  
  13  0:15  Pylon  
  13  0:18  Probe  
  14  0:30  Probe  
  15  0:37  Gateway  
  15  0:42  Probe  
  16  0:54  Probe  
  17  1:06  Probe  
  18  1:16  Nexus  
  18  1:20  Probe  
  19  1:30  Cybernetics Core  
  19  1:34  Probe  
  20  1:42  Assimilator  
  20  1:46  Assimilator, Probe  
  21  1:58  Probe  
  21  2:00  Pylon  
  22  2:09  Pylon  
  22  2:13  Probe  
  23  2:18  Adept  
  25  2:25  Probe  
  26  2:33  Warp Gate  
  26  2:36  Robotics Facility  
  27  2:37  Probe  
  27  2:42  Probe  
  28  2:49  Probe  
  29  2:54  Probe  
  30  3:01  Probe  
  31  3:06  Probe  
  31  3:11  Twilight Council  
  32  3:13  Probe  
  32  3:19  Probe  
  34  3:26  Probe  
  35  3:31  Probe  
  35  3:34  Assimilator  
  36  3:36  Gateway, Warp Prism  
  36  3:38  Probe  
  36  3:40  Gateway  
  37  3:43  Probe  
  37  3:47  Charge  
  40  3:50  Probe  
  40  3:55  Probe  
  42  4:00  Shield Battery  
  43  4:02  Probe  
  43  4:07  Probe  
  44  4:13  Pylon  
  44  4:22  Stalker  
  46  4:24  Probe x2  
  48  4:40  Assimilator  
  48  4:44  Pylon  
  48  4:48  Gateway  
  48  4:49  Gateway  
  48  4:51  Robotics Bay  
  48  4:52  Stalker x2  
  52  4:53  Adept  
  54  5:01  Probe x2  
  56  5:09  Gateway  
  56  5:11  Gateway  
  56  5:15  Adept  
  56  5:16  Adept  
  60  5:39  Disruptor  
  63  5:52  Probe x2  
  65  6:00  Pylon  
  65  6:02  Nexus  
  65  6:04  Pylon  
  65  6:08  Robotics Facility  
  65  6:10  Templar Archives  
  65  6:13  Stalker, Zealot  
  65  6:18  Immortal  
  73  6:22  Pylon  
  73  6:24  Pylon  
  73  6:25  Stalker  
  75  6:35  Zealot  
  75  6:36  Zealot  
  79  6:46  Disruptor  
  79  6:48  High Templar x2  
  79  6:49  High Templar x2  
  79  6:51  Immortal  
  94  7:03  Probe x2  
  94  7:07  Shield Battery  
  96  7:09  Archon x2  
  96  7:11  Zealot  
  96  7:12  Stalker  
  96  7:15  Probe x2  
  102  7:16  Zealot  
  104  7:30  Stalker x2  
  104  7:31  Zealot  
  104  7:32  Gateway  
  106  8:03  Stalker x2  
  106  8:04  Zealot x3  
  116  8:17  Probe  
  116  8:19  Probe x2  
  117  8:22  Pylon  
  117  8:26  Pylon  
  105  8:28  Pylon  
  105  8:29  Probe  
  105  8:31  Probe  
  103  8:41  Stalker  
  103  8:42  Zealot x2  
  103  8:43  Zealot x3  
  103  8:44  Stalker x2  
Show
View Real Time Build Order
Export as new Build Order

MrFercho Zerg 

Build Orders: Hatch First 

Get SALT Encoding   

  12  0:01  Drone  
  13  0:16  Overlord  
  13  0:18  Drone  
  14  0:35  Drone x2  
  16  0:55  Hatchery, Drone  
  16  1:07  Spawning Pool  
  16  1:10  Drone  
  16  1:16  Drone  
  16  1:17  Drone  
  18  1:21  Drone  
  19  1:32  Drone  
  20  1:39  Extractor  
  19  1:43  Drone  
  20  1:58  Drone  
  21  2:06  Queen  
  21  2:07  Extractor, Overlord  
  22  2:09  Drone  
  22  2:10  Queen  
  27  2:22  Drone x2  
  27  2:27  Drone  
  28  2:33  Drone  
  29  2:48  Lair  
  29  2:50  Queen  
  31  2:54  Drone x4  
  35  3:17  Roach Warren  
  34  3:22  Zergling x4  
  34  3:25  Overlord x3  
  36  3:43  Drone x4  
  36  3:44  Drone  
  36  3:45  Drone  
  42  3:54  Evolution Chamber  
  41  4:11  Drone x9  
  41  4:15  Extractor  
  41  4:16  Extractor, Overlord  
  48  4:24  Zerg Missile Weapons Level 1  
  48  4:25  Glial Reconstitution  
  48  4:37  Roach x7  
  62  4:57  Drone x5  
  67  5:07  Evolution Chamber  
  63  5:23  Spine Crawler  
  63  5:26  Drone x3  
  63  5:27  Drone x2  
  62  5:39  Spore Crawler  
  61  5:43  Spine Crawler  
  61  5:45  Drone x2  
  61  5:46  Spine Crawler, Drone x2  
  63  5:55  Zerg Ground Armor Level 1  
  63  6:02  Spore Crawler  
  62  6:04  Overlord x2  
  62  6:05  Overlord x2  
  62  6:20  Overlord x2  
  62  6:22  Hatchery  
  62  6:25  Drone  
  62  6:26  Drone  
  63  6:39  Hatchery  
  62  6:41  Drone x2  
  64  6:50  Queen  
  66  7:01  Drone x4  
  67  7:06  Ravager  
  71  7:25  Hydralisk Den  
  70  7:30  Drone x3, Infestation Pit  
  72  7:38  Drone x4  
  72  7:39  Drone x2  
  78  7:44  Overseer  
  78  7:53  Hydralisk x8  
  71  8:25  Hydralisk x14  
Tags
 
Composition
Zealot Archon
League
Silver
Matchup
PvZ
Replay Pack
MrFercho
Spawn Locations
Cross Positions
Add a new tag
Caveats
  • Supply blocks, unpowered buildings, or Contaminate may cause inaccurate times.
  • Supply counts are checked every 10 seconds.